Map: Ascension to Aiur LE

Players

HorseMaster - Winner!

  • Race: Protoss Protoss
  • League: Platinum
  • Spawn Location: 11:00

eXile

  • Race: Zerg Zerg
  • League: Platinum
  • Spawn Location: 5:00

VOD

Have the link to the VOD?

Description

Time

  • Played on: Aug. 25, 2017, 12:50 p.m.
  • Length: 20:21
Show
View Real Time Build Order
Export as new Build Order

HorseMaster Protoss - Winner!

Build Orders: Oracle Opening 

Get SALT Encoding   

  12  0:01  Probe (Chrono Boost)  
  13  0:11  Probe (Chrono Boost)  
  14  0:22  Pylon  
  14  0:27  Assimilator  
  14  0:28  Probe (Chrono Boost)  
  15  0:48  Gateway  
  15  0:50  Probe (Chrono Boost)  
  16  1:01  Probe (Chrono Boost)  
  17  1:11  Probe (Chrono Boost)  
  17  1:12  Gateway  
  18  1:22  Probe (Chrono Boost)  
  19  1:36  Zealot (Chrono Boost)  
  19  1:38  Cybernetics Core  
  21  1:43  Pylon  
  21  1:48  Assimilator  
  21  2:04  Zealot (Chrono Boost)  
  23  2:16  Warp Gate (Chrono Boost)  
  23  2:22  Stargate  
  23  2:28  Pylon  
  23  2:33  Stalker  
  23  2:35  Probe  
  26  2:50  Forge  
  26  2:52  Probe  
  27  3:08  Oracle (Chrono Boost)  
  29  3:13  Mothership Core  
  31  3:31  Protoss Ground Weapons Level 1 (Chrono Boost)  
  31  3:46  Pylon  
  30  3:56  Oracle (Chrono Boost)  
  31  4:18  Probe  
  32  4:26  Nexus  
  32  4:29  Adept  
  32  4:30  Probe  
  35  4:36  Adept  
  37  4:43  Probe  
  38  4:53  Zealot  
  38  4:55  Probe  
  41  5:20  Void Ray (Chrono Boost)  
  45  5:41  Probe  
  40  5:42  Adept x2  
  40  5:48  Protoss Air Weapons Level 1 (Chrono Boost)  
  44  5:52  Probe  
  44  5:55  Probe  
  46  5:57  Void Ray  
  50  6:04  Probe  
  50  6:07  Probe  
  52  6:16  Probe  
  53  6:19  Probe  
  54  6:28  Probe  
  54  6:29  Photon Cannon  
  54  6:32  Twilight Council, Probe  
  56  6:40  Probe, Void Ray  
  56  6:44  Probe  
  62  6:56  Pylon  
  62  6:59  Pylon  
  62  7:14  Pylon, Probe  
  64  7:17  Charge (Chrono Boost)  
  64  7:21  Protoss Ground Weapons Level 2  
  63  7:23  Zealot  
  63  7:24  Zealot, Void Ray  
  71  7:33  Probe  
  71  7:36  Probe  
  73  7:44  Gateway  
  73  7:49  Zealot x2  
  77  7:52  Probe  
  70  8:08  Probe  
  70  8:09  Probe  
  66  8:13  Fleet Beacon  
  66  8:20  Probe  
  66  8:21  Probe  
  66  8:22  Assimilator  
  66  8:26  Assimilator  
  68  8:33  Zealot, Nexus, Probe x2  
  72  8:45  Pylon, Probe x2  
  74  8:49  Zealot x2  
  74  8:50  Carrier  
  84  9:03  Probe  
  85  9:10  Zealot x2  
  89  9:22  Zealot  
  85  9:37  Pylon  
  85  9:39  Pylon  
  85  9:40  Nexus  
  85  9:55  Graviton Catapult  
  85  9:58  Zealot x3  
  91  10:04  Carrier  
  91  10:05  Pylon  
  97  10:21  Probe  
  97  10:22  Probe  
  99  10:30  Robotics Facility  
  99  10:36  Zealot x2  
  99  10:40  Probe  
  104  10:44  Probe  
  104  10:48  Protoss Air Weapons Level 2 (Chrono Boost)  
  105  10:58  Zealot, Probe  
  105  10:59  Zealot  
  110  11:09  Zealot  
  112  11:14  Probe  
  112  11:17  Observer (Chrono Boost)  
  114  11:21  Zealot  
  114  11:22  Zealot  
  118  11:29  Probe  
  118  11:30  Zealot  
  118  11:32  Immortal (Chrono Boost)  
  121  11:33  Carrier  
  121  11:39  Pylon  
  125  11:41  Pylon  
  121  11:59  Adept x2  
  125  12:04  Probe x2  
  125  12:05  Immortal  
  127  12:12  Probe  
  127  12:13  Protoss Ground Weapons Level 3  
  132  12:21  Probe  
  133  12:23  Zealot x3, Assimilator  
  133  12:27  Assimilator  
  139  12:48  Probe  
  140  12:54  Pylon  
  140  12:56  Pylon  
  140  12:57  Probe  
  141  13:02  Carrier  
  141  13:07  Immortal  
  145  13:14  Stalker  
  145  13:15  Stalker  
  155  13:26  Protoss Air Weapons Level 3 (Chrono Boost)  
  155  13:41  Warp Prism  
  157  14:07  Nexus  
  149  14:12  Immortal  
  149  14:15  Stalker x3  
  149  14:17  Carrier  
  115  14:37  Gateway  
  115  14:39  Gateway  
  115  14:42  Gateway  
  111  14:46  Immortal  
  111  14:49  Zealot x3  
  121  14:53  Probe  
  116  15:10  Stalker x3  
  106  15:18  Probe x3  
  106  15:19  Pylon  
  106  15:20  Immortal  
  87  15:30  Probe x2  
  87  15:31  Carrier  
  87  15:33  Probe  
  90  15:36  Stalker  
  90  15:42  Zealot x4  
  100  15:44  Probe  
  100  15:48  Templar Archives  
  107  15:55  Immortal  
  107  15:58  Assimilator  
  107  16:00  Assimilator  
  107  16:01  Adept x2  
  107  16:02  Probe  
  116  16:04  Resonating Glaives  
  116  16:06  Protoss Air Armor Level 1 (Chrono Boost)  
  116  16:36  Psionic Storm  
  116  16:38  Immortal (Chrono Boost)  
  120  16:40  Probe  
  120  16:42  Zealot  
  120  16:44  Nexus  
  123  16:50  High Templar x2  
  123  16:52  High Templar  
  129  17:10  High Templar  
  129  17:11  High Templar x2  
  139  17:16  Immortal (Chrono Boost)  
  139  17:26  High Templar x3  
  139  17:27  Pylon  
  151  17:37  Pylon, Carrier (Chrono Boost)  
  151  17:38  Probe, Protoss Air Armor Level 2  
  152  17:46  Zealot x3  
  152  17:47  Immortal (Chrono Boost)  
  152  17:50  Probe  
  163  17:59  Protoss Ground Armor Level 1  
  163  18:08  Adept x4  
  163  18:09  Adept x2  
  175  18:20  Probe  
  176  18:29  Stalker x4  
  176  18:30  Stalker  
  186  18:40  Immortal  
  186  18:46  High Templar  
  196  19:01  Void Ray (Chrono Boost)  
  196  19:05  High Templar x2  
  190  19:38  Archon  
  152  19:41  Phoenix (Chrono Boost)  
  144  19:46  Stalker x4  
  144  19:47  Stalker x2  
Show
View Real Time Build Order
Export as new Build Order

eXile Zerg 

Build Orders: Hatch First, Swarm Host 

Get SALT Encoding   

  12  0:03  Drone  
  13  0:14  Overlord  
  13  0:23  Drone  
  14  0:36  Drone x2  
  16  0:56  Hatchery  
  16  0:57  Drone  
  16  0:59  Extractor  
  16  1:02  Drone  
  16  1:17  Spawning Pool  
  15  1:20  Drone  
  15  1:24  Drone  
  17  1:27  Drone  
  18  1:32  Drone  
  19  1:42  Overlord  
  19  2:06  Drone x2  
  21  2:10  Queen  
  21  2:11  Queen  
  25  2:15  Metabolic Boost  
  25  2:20  Zergling x2  
  26  2:23  Zergling x2  
  27  2:35  Zergling x6  
  30  2:40  Overlord  
  30  2:49  Roach Warren  
  29  3:02  Drone x2  
  29  3:03  Drone x3  
  34  3:27  Drone x2  
  34  3:31  Overlord  
  36  3:34  Drone  
  36  3:35  Hatchery  
  36  3:38  Drone  
  38  3:41  Drone  
  38  3:43  Drone  
  37  4:07  Drone x4  
  37  4:08  Drone x6  
  46  4:29  Roach x2  
  46  4:30  Overlord  
  46  4:31  Overlord  
  50  4:36  Overlord x2  
  50  4:46  Queen x2  
  50  4:48  Drone x3, Extractor x2  
  50  4:49  Overlord x2, Drone  
  56  4:55  Roach  
  56  4:56  Roach  
  60  5:01  Pneumatized Carapace  
  60  5:06  Spore Crawler  
  59  5:09  Spore Crawler  
  57  5:20  Spore Crawler  
  55  5:50  Roach x8  
  55  5:51  Roach, Drone  
  55  5:52  Drone x3  
  55  5:54  Queen  
  75  6:05  Extractor  
  74  6:15  Lair  
  74  6:23  Roach x6  
  86  6:38  Drone x3  
  86  6:39  Roach, Drone x4  
  97  6:40  Roach  
  97  6:41  Overlord x2  
  97  6:58  Queen  
  99  7:05  Drone x8  
  99  7:06  Drone  
  108  7:08  Overlord  
  108  7:14  Evolution Chamber x2  
  106  7:20  Ravager x5  
  112  7:23  Ravager  
  112  7:25  Overseer  
  112  7:26  Overseer  
  112  7:28  Roach x5  
  122  7:34  Overlord x2  
  122  7:53  Zergling x14  
  122  7:54  Zergling x8  
  131  8:15  Glial Reconstitution  
  131  8:26  Baneling Nest  
  130  8:29  Spire  
  130  8:31  Drone x2  
  130  8:32  Drone x7  
  138  8:35  Extractor  
  138  8:36  Extractor  
  138  8:37  Zerg Missile Weapons Level 1, Zerg Ground Armor Level 1  
  136  9:04  Hatchery  
  135  9:12  Queen  
  137  9:18  Drone  
  137  9:19  Overlord x2  
  137  9:20  Overlord x4  
  138  9:30  Overlord x3  
  138  9:31  Overlord x2, Infestation Pit  
  124  9:43  Corruptor x4  
  124  9:44  Corruptor x2  
  136  9:48  Queen  
  136  9:49  Roach x3  
  144  9:55  Zerg Flyer Weapons Level 1  
  144  10:08  Pathogen Glands  
  144  10:18  Roach  
  144  10:19  Roach x3  
  152  10:26  Swarm Host x6  
  152  10:27  Swarm Host  
  173  10:33  Queen  
  175  10:37  Drone x5  
  175  10:41  Zerg Missile Weapons Level 2  
  180  10:47  Hatchery  
  180  10:49  Drone x4  
  184  10:50  Drone x2  
  184  10:52  Extractor  
  184  10:53  Zerg Ground Armor Level 2, Extractor  
  180  11:51  Corruptor x2  
  180  11:52  Zergling x6  
  180  11:53  Zergling x14  
  194  12:09  Infestor  
  194  12:10  Infestor x2  
  200  12:25  Hive  
  182  12:51  Burrow  
  182  12:53  Infestor x7  
  196  13:00  Ravager x2  
  196  13:01  Ravager x2  
  200  13:11  Hydralisk Den  
  199  13:25  Hatchery  
  113  14:32  Corruptor x4  
  113  14:33  Corruptor x2  
  113  14:34  Corruptor x3  
  113  14:35  Mutalisk  
  113  14:36  Viper, Hydralisk, Mutalisk x3  
  113  14:37  Hydralisk x8  
  113  14:38  Hydralisk x2  
  109  15:38  Drone x11  
  109  15:39  Drone x9  
  129  15:46  Corruptor x5  
  139  15:57  Extractor  
  139  15:58  Extractor  
  137  16:26  Corruptor x7  
  137  16:27  Corruptor  
  137  16:32  Greater Spire  
  153  16:46  Hatchery  
  152  16:47  Viper  
  152  16:53  Hatchery  
  154  16:59  Spine Crawler  
  153  17:39  Muscular Augments, Hydralisk x6  
  153  17:40  Hydralisk x8  
  153  17:41  Hydralisk x2  
  185  17:48  Spire  
  184  18:19  Drone x6  
  191  18:20  Drone x3  
  191  18:21  Drone x4  
  130  19:41  Hydralisk x2  
  130  19:42  Roach x6, Hydralisk x5  
  130  19:43  Roach x5, Hydralisk x5  
  130  19:44  Roach x5, Hydralisk  
  167  19:52  Corruptor x4  
Tags
 
Add a new tag
Caveats
  • Supply blocks, unpowered buildings, or Contaminate may cause inaccurate times.
  • Supply counts are checked every 10 seconds.